 Dungeon Crawl Stone Soup version 0.29-a0-214-g17f627cfee (webtiles) character file.

Game seed: 18069167341209934814

81 drugrobin the Covered (level 4, -1/38 HPs)
             Began as a Demigod Fighter on Feb 25, 2022.
             Killed by nerve-wracking pain
             ... invoked by an orc priest
              (13 damage)
             ... on level 2 of the Dungeon.
             The game lasted 00:04:07 (2394 turns).

drugrobin the Covered (Demigod Fighter)             Turns: 2394, Time: 00:04:07

Health: -1/38      AC:  8    Str: 17    XL:     4   Next: 0%
Magic:  6/6        EV:  9    Int: 13    God:
Gold:   102        SH:  5    Dex: 17    Spells: 3/3 levels left

rFire   + . .      SeeInvis .   a - +2 rapier of Jyor Uje {freeze, Int+3}
rCold   + . .      Faith    .   c - +0 buckler
rNeg    . . .      Spirit   .   b - +0 scale mail
rPois   .          Reflect  .   f - +0 helmet
rElec   .          Harm     .   k - scarf {rC+ rF+}
rCorr   .          Rampage  .   (no gloves)
Will    .....                   (no boots)
Stlth   ..........              (no amulet)
HPRegen 0.12/turn               (no ring)
MPRegen 0.10/turn               (no ring)

@: no status effects
A: high MP 1, forlorn, divine attributes
a: no special abilities


You were on level 2 of the Dungeon.
You visited 1 branch of the dungeon, and saw 3 of its levels.

You collected 102 gold pieces.

Inventory:

Hand Weapons
 a - the +2 rapier of Jyor Uje (weapon) {freeze, Int+3}
   (You found it on level 2 of the Dungeon)

   It freezes those it strikes, dealing additional cold damage.
   It can also slow down cold-blooded creatures.
   Int:       It affects your intelligence (+3).
 i - a +2 dagger of holy wrath
 q - a +0 long sword
Missiles
 h - 91 stones (quivered)
 s - 2 poisoned darts
Armour
 b - a +0 scale mail (worn)
 c - a +0 buckler (worn)
 f - a +0 helmet (worn)
 k - a scarf of resistance (worn)
Magical Staves
 r - a staff of death
Scrolls
 g - 3 scrolls of identify {unknown}
 l - a scroll of blinking {unknown}
 m - a scroll of magic mapping {unknown}
 n - a scroll of immolation {unknown}
 p - a scroll of torment {unknown}
 t - a scroll of noise {unknown}
Potions
 d - 2 potions of might
 e - a potion of haste {unknown}
 j - a potion of heal wounds {unknown}
 o - a potion of brilliance {unknown}


   Skills:
 + Level 3.2 Fighting
 + Level 2.5 Long Blades
 + Level 3.3 Armour
 + Level 3.2 Shields


You had 3 spell levels left.
You didn't know any spells.
Your spell library contained the following spells:

 Spells                   Type           Power      Damage    Failure   Level
 Corpse Rot               Necr/Air       0%         N/A       90%         2
 Poisonous Vapours        Pois/Air       0%         N/A       90%         2


Dungeon Overview and Level Annotations

Branches:
Dungeon (3/15)

Shops:
D:2 :


Innate Abilities, Weirdness & Mutations

You have an increased reservoir of magic. (+10% MP)
You shall have no god before yourself.
Your divine heritage dramatically boosts your attributes as you level up.


Message History

Beogh smites you!
You hit the orc priest. You freeze the orc priest.
The orc priest is heavily wounded.
The orc priest invokes the aid of Beogh against you.
Pain shoots through your body!
* * * LOW HITPOINT WARNING * * *
Unknown command.
You barely miss the orc priest.
The orc priest is heavily wounded.
The orc priest barely misses you.
Unknown command.
The ball python barely misses you. The ball python grabs you.
The ball python constricts you.
* * * LOW HITPOINT WARNING * * *
Unknown command.
Unknown command.
Okay, then.
Unknown command.
Unknown command.
Okay, then.
Unknown command.
You escape the ball python's grasp.
The ball python bites you but does no damage.
The ball python barely misses you.
There is an escape hatch in the ceiling here.
The ball python bites you but does no damage.
You block the ball python's attack. A mysterious force pulls you upwards.
The hatch slams shut behind you.
Unknown command.
You hit the ball python.
The ball python seems to slow down.
You freeze the ball python.
You kill the ball python!
You block the orc priest's attack.
You have reached level 4!
You closely miss the orc priest.
The orc priest is moderately wounded.
The orc priest closely misses you.
The orc priest calls down the wrath of Beogh upon you.
Pain shoots through your body!
You die...

.# #.#
#.#..........# .#
#.# #.'..).......#
.# #.#
###..........# .#
#.# #...)......# .#
#.#
##..........#### ##
#.#
#...........'..#
#######.#
#...........##.##
'.......#
#.<.........###.#
#########
#..@.......#...####
#
#.o.......##...##.#
#
#.######.#...P..P#
# #<# #.#..PP.P.###
# ### #.#PP....P#.#
#############
##.......P.##
............#
#..P....P.#
###########.#
#.....P..P# # #.#
#.....PP..#


You could see an orc priest.

Vanquished Creatures
  A bullfrog zombie (D:3)
  A dart slug (D:1)
  2 endoplasms (D:1)
  4 giant cockroaches (D:1)
  7 goblins
  5 hobgoblins
  2 jackals (D:1)
  5 quokkas
  3 ball pythons
  4 bats
  2 frilled lizards
  6 kobolds
  2 rats
44 creatures vanquished.

Notes
Turn   | Place    | Note
-------+----------+-------------------------------------------
     0 | D:1      | drugrobin the Demigod Fighter began the quest for the Orb.
     0 | D:1      | Reached XP level 1. HP: 18/18 MP: 3/3
   464 | D:1      | Reached XP level 2. HP: 25/25 MP: 4/4
  1028 | D:1      | Reached XP level 3. HP: 31/31 MP: 5/5
  1331 | D:2      | Found Asibuoh's Book Shoppe.
  1901 | D:2      | Identified the +2 rapier of Jyor Uje {freeze, Int+3}
  2394 | D:2      | Reached XP level 4. HP: 12/38 MP: 6/6
  2394 | D:2      | Killed from afar by an orc priest

Illustrated notes

Levels and vault maps discovered:
D:1:      nicolae_arrival_memento_mori, layout_loops_ring, st_stairs_11
D:2:      layout_basic, shapermc_ecumenical_altar_gd, serial_shops,
          nicolae_shop_crystal
D:3:      layout_loops_corners, gammafunk_temple_overflow_elements,
          serial_park_tiny_1, uniq_crazy_yiuf_cottage

Skill      XL: |  1  2 |
---------------+-------+-----
Long Blades    | 2 |  2.5
Shields        | 3 |  3.2
Fighting       | 3 |  3.2
Armour         | 3 |  3.3

Action                   |  1- 3 |  4- 6 || total
-------------------------+-------+-------++-------
Melee: Long sword        |   135 |       ||   135
       Rapier            |    15 |     1 ||    16
Armor: Scale mail        |    61 |       ||    61
Dodge: Dodged            |    64 |     1 ||    65
Block: Buckler           |    52 |       ||    52

Table legend: (Time is in decaauts)
 A = Elapsed time spent in this place.
 B = Non-inter-level travel time spent in this place.
 C = Inter-level travel time spent in this place.
 D = Time resting spent in this place.
 E = Time spent auto-exploring this place.
 F = Levels seen in this place.
 G = Mean time per level.
                   A        B        C        D        E       F      G
               +--------+--------+--------+--------+--------+-----+--------+
         Total |   2441 |   2418 |     23 |    195 |   1736 |   3 |  813.7 |
       Dungeon |   2441 |   2418 |     23 |    195 |   1736 |   3 |  813.7 |
               +--------+--------+--------+--------+--------+-----+--------+

Top non-repeatable levels by time:
     D:1: 1363 daAuts
     D:2: 911 daAuts
     D:3: 166 daAuts
